 Dungeon Crawl Stone Soup version 0.27-a0-46-g34d46f0a3f (webtiles) character file.

Game seed: 1506259999881212998

48 Borgoz the Cudgeller (level 3, -2/30 HPs)
             Began as a Ghoul Gladiator on Jan 7, 2021.
             Slain by a leopard gecko (3 damage)
             ... on level 2 of the Dungeon.
             The game lasted 00:01:05 (1323 turns).

Borgoz the Cudgeller (Ghoul Gladiator)              Turns: 1323, Time: 00:01:05

Health: -2/30      AC:  4    Str: 17    XL:     3   Next: 72%
Magic:  2/2        EV: 12    Int:  3    God:
Gold:   68         SH:  0    Dex: 11    Spells: 2/2 levels left

rFire    . . .     SeeInvis .   a - +0 flail
rCold    + . .     Faith    .   (no shield)
rNeg     + + +     Spirit   .   b - +0 leather armour
rPois    ∞         Reflect  .   c - +0 helmet
rElec    .         Harm     .   (no cloak)
rCorr    .         Rampage  .   (no gloves)
Will     .....                  (no boots)
Stlth    +.........             (no amulet)
HPRegen  0.00/turn              (no ring)
MPRegen  0.08/turn              (no ring)

@: no status effects
A: claws 1, cold resistance 1, negative energy resistance 3, inhibited
regeneration, torment resistance, unbreathing
a: no special abilities


You were on level 2 of the Dungeon.
You visited 1 branch of the dungeon, and saw 2 of its levels.

You collected 68 gold pieces.

Inventory:

Hand Weapons
 a - a +0 flail (weapon)
Missiles
 d - 4 throwing nets (quivered)
Armour
 b - a +0 leather armour (worn)
 c - a +0 helmet (worn)
Scrolls
 h - a scroll of teleportation {unknown}
 i - a scroll of identify
 j - a scroll of noise {unknown}
Potions
 e - a potion of invisibility
 f - 2 potions of curing {unknown}
 g - a potion of attraction {unknown}


   Skills:
 + Level 2.8 Fighting
 * Level 3.5 Maces & Flails
 - Level 1.7 Throwing
 + Level 3.1 Dodging


You had 2 spell levels left.
You didn't know any spells.
Your spell library was empty.

Dungeon Overview and Level Annotations

Branches:
Dungeon (2/15)

Altars:

Annotations:
D:2 Natasha, Robin


Innate Abilities, Weirdness & Mutations

You thrive by killing the living.
You are immune to poison.
You have sharp fingernails.
Your flesh is cold resistant. (rC+)
You are immune to negative energy. (rN+++)
You do not regenerate when monsters are visible.
You are immune to unholy pain and torment.
You can survive without breathing.


Message History

The goblin closely misses you.
You barely miss the goblin. The leopard gecko barely misses you.
The kobold throws a stone.
The stone closely misses you. The goblin hits you with a +0 dagger.
The goblin misses you. The leopard gecko closely misses you.
The hobgoblin hits you. The goblin hits you with a +0 dagger.
You see here a stone.
The leopard gecko closely misses you.
You barely miss the hobgoblin. The leopard gecko barely misses you.
Robin roars a battlecry!
The hobgoblins go into a battle-frenzy!
The goblin hits you with a +0 dagger.
* * * LOW HITPOINT WARNING * * *
The goblin hits you with a +0 dagger.
* * * LOW HITPOINT WARNING * * *
The hobgoblin hits you with a +0 mace.
* * * LOW HITPOINT WARNING * * *
The leopard gecko hisses menacingly.
The leopard gecko bites you.
You die...

#..l...# #....#.(..# #####..#).#
########## ##..##..#
....#....######....†..#
.................g.g#.#
..<.#.######.#..g.K.# .......#
#...glggg#
.......#######..@gg.############
....#.......#######..##........#
#####.......# ##...........#
#.......# ####........#
######### ##########


You could see Robin, a leopard gecko, 5 hobgoblins, 3 goblins and a kobold.

Vanquished Creatures
  An adder (D:2)
  A worm (D:2)
  3 dart slugs (D:1)
  A leopard gecko (D:1)
  3 giant cockroaches
  6 goblins
  5 ball pythons (D:1)
  A bat (D:1)
  3 frilled lizards (D:1)
  5 kobolds
  A rat (D:1)
30 creatures vanquished.

Vanquished Creatures (others)
  A plant (D:1)
1 creature vanquished.

Grand Total: 31 creatures vanquished

Notes
Turn   | Place    | Note
-------+----------+-------------------------------------------
     0 | D:1      | Borgoz the Ghoul Gladiator began the quest for the Orb.
     0 | D:1      | Reached XP level 1. HP: 17/17 MP: 0/0
   199 | D:1      | Reached XP level 2. HP: 23/25 MP: 1/1
   789 | D:1      | Reached XP level 3. HP: 30/30 MP: 2/2
  1300 | D:2      | Noticed Robin
  1308 | D:2      | Noticed Natasha
  1323 | D:2      | HP: 1/30 [hobgoblin/+0 mace[Robin] (3)]
  1323 | D:2      | Slain by a leopard gecko

Illustrated notes

Levels and vault maps discovered:
D:1:      saegor_arrival_simple_c, layout_loops_corners,
          minmay_shallow_snake_nest
D:2:      layout_rooms, nemelex_altar_shiori, uniq_crazy_yiuf_cottage,
          uniq_natasha, uniq_terence, uniq_robin

Skill      XL: |  1  2 |
---------------+-------+-----
Maces & Flails | 3 |  3.5
Dodging        | 3 |  3.1
Fighting       | |  2.8
Throwing       | |  1.7

Action                   || total
-------------------------++-------
Melee: Flail             ||    88
Throw: Throwing net      ||     1
  Use: Scroll            ||     1
 Stab: Held in net/web   ||     2
Armor: Leather armour    ||    28
Dodge: Dodged            ||    81

Table legend: (Time is in decaauts)
 A = Elapsed time spent in this place.
 B = Non-inter-level travel time spent in this place.
 C = Inter-level travel time spent in this place.
 D = Time resting spent in this place.
 E = Time spent auto-exploring this place.
 F = Levels seen in this place.
 G = Mean time per level.
                   A        B        C        D        E       F      G
               +--------+--------+--------+--------+--------+-----+--------+
         Total |   1344 |   1248 |     96 |    180 |    864 |   2 |  672.0 |
       Dungeon |   1344 |   1248 |     96 |    180 |    864 |   2 |  672.0 |
               +--------+--------+--------+--------+--------+-----+--------+

Top non-repeatable levels by time:
     D:1: 1044 daAuts
     D:2: 300 daAuts
